 Dungeon Crawl Stone Soup version 0.30-a0-859-gf88a04b62d (webtiles) character file.

Game seed: 9780480748854331891

124 Zenkrye the Poker (level 5, -2/41 HPs)
             Began as a Human Cinder Acolyte on Mar 6, 2023.
             Was a High Priest of Ignis.
             Slain by an ogre
             ... wielding a +0 giant club
              (13 damage)
             ... on level 4 of the Dungeon.
             The game lasted 00:06:52 (2833 turns).

Zenkrye the Poker (Human Cinder Acolyte)            Turns: 2833, Time: 00:06:52

Health: -2/41      AC:  7    Str: 16    XL:     5   Next: 30%
Magic:  1/7        EV: 10    Int: 15    God:    Ignis [*****.]
Gold:   124        SH:  0    Dex:  8    Spells: 4/7 levels left

rFire   + . .      SeeInvis .    a - +0 spear (flame)
rCold   . . .      Faith    .    (no shield)
rNeg    . . .      Spirit   .    m - +0 ring mail
rPois   .          Reflect  .    (no helmet)
rElec   .          Rampage  .    (no cloak)
rCorr   .                        c - +1 pair of gloves
Will    +....                    (no boots) Stlth
                                 (no amulet)
HPRegen 0.26/turn                g - ring of willpower
MPRegen 0.10/turn                (no ring)

@: no status effects
A: no striking features
a: Renounce Religion, Fiery Armour, Foxfire Swarm, Rising Flame


You were on level 4 of the Dungeon.
You worshipped Ignis.
Ignis was extremely pleased with you.
You visited 1 branch of the dungeon, and saw 4 of its levels.

You collected 124 gold pieces.

Inventory:

Hand Weapons
 a - a +0 spear of flaming (weapon)
 i - a +0 sling of flaming
Armour
 b - a +0 robe
 c - a +1 pair of gloves (worn)
 f - a +0 chain mail
 m - a +0 ring mail (worn)
 q - a +0 scale mail
 t - a +0 leather armour
Jewellery
 g - a ring of willpower (left hand)
Scrolls
 o - a scroll of teleportation {@r3}
Potions
 d - a potion of brilliance {unknown}
 e - a potion of berserk rage
 h - a potion of attraction {unknown}
 j - 3 potions of flight {unknown}
 k - a potion of lignification {unknown}
 n - a potion of heal wounds {unknown}
 p - a potion of invisibility {unknown}


   Skills:
 - Level 3.0 Fighting
 + Level 5.3 Polearms
 + Level 1.7 Spellcasting
 - Level 3.0 Fire Magic


You had 4 spell levels left.
You knew the following spells:

 Your Spells              Type           Power      Damage    Failure   Level
a - Scorch                Fire           20%        2d6       19%         2
b - Summon Small Mammal   Summ           4%         N/A       41%         1

Your spell library contained the following spells:

 Spells                   Type           Power      Damage    Failure   Level
 Call Canine Familiar     Summ           1%         N/A       78%         3
 Gell's Gravitas          Tloc           1%         N/A       78%         3
 Summon Guardian Golem    Hex/Summ       1%         N/A       78%         3
 Teleport Other           Tloc           1%         N/A       78%         3
 Dispersal                Tloc           0%         N/A       100%        6


Dungeon Overview and Level Annotations

Branches:
Dungeon (4/15)
 Temple: D:4-7

Altars:
Wu Jian


Message History

The gnoll bouda's fire resistance burns away.
The gnoll is no longer moving quickly.
You climb upwards.
There is a stone staircase leading down here.
There's nothing to close nearby.
Unknown command.
Unknown command.
There is a stone staircase leading down here.
You climb downwards.
The ogre shouts!
Found a ring of willpower and a sling.
There is a stone staircase leading up here.
An ogre is nearby!
You climb upwards.
There is a stone staircase leading down here.
You start resting.
Magic restored.
Okay, then.
Unknown command.
You climb downwards.
The ogre hits you with a +0 giant club!!
Ouch! That really hurt!
* * * LOW HITPOINT WARNING * * *
There is a stone staircase leading up, spattered with blood here.
Casting: Scorch (safe; 19% risk of failure)
Confirm with . or Enter, or press ? or * to list all spells.
Flames lash the ogre.
The ogre is moderately wounded.
The ogre's fire resistance burns away.
The ogre misses you.
Unknown command.
Casting: Scorch (safe; 19% risk of failure)
Confirm with . or Enter, or press ? or * to list all spells.
Flames lash the ogre.
The ogre is burned terribly!
The ogre is severely wounded.
Casting: Scorch (safe; 19% risk of failure)
Confirm with . or Enter, or press ? or * to list all spells.
Flames lash the ogre.
The ogre is burned terribly!
The ogre is almost dead.
The ogre hits you with a +0 giant club!
You die...

# .# .#
..# ###.#
.
#...#..=.
#@O......
#.......)
##.......
##.....
#....
.... ...
#.


You could see an ogre (combustible).

Vanquished Creatures
  A gnoll (D:4)
  4 adders
  A worm (D:3)
  A dart slug (D:1)
  8 bats
  3 endoplasms (D:2)
  6 giant cockroaches
  2 goblins (D:3)
  3 hobgoblins
  6 jackals (D:1)
  5 quokkas
  17 ball pythons
  7 frilled lizards
  A kobold (D:1)
  5 rats
70 creatures vanquished.

Notes
Turn   | Place    | Note
-------+----------+-------------------------------------------
     0 | D:1      | Zenkrye the Human Cinder Acolyte began the quest for the
                  | Orb.
     0 | D:1      | Reached XP level 1. HP: 18/18 MP: 2/2
   113 | D:1      | Reached XP level 2. HP: 24/24 MP: 3/3
   116 | D:1      | Learned a level 2 spell: Scorch
   382 | D:1      | Reached skill level 4 in Polearms
   382 | D:1      | Reached XP level 3. HP: 29/29 MP: 4/4
  1018 | D:2      | Reached XP level 4. HP: 32/35 MP: 0/5
  1854 | D:3      | Reached skill level 5 in Polearms
  1856 | D:3      | Learned a level 1 spell: Summon Small Mammal
  1861 | D:3      | Found an ornate altar of the Wu Jian Council.
  2343 | D:3      | Found a faded altar of an unknown god.
  2357 | D:3      | Reached XP level 5. HP: 41/41 MP: 1/7
  2822 | D:4      | Noticed an ogre
  2833 | D:4      | Slain by an ogre

Illustrated notes

Levels and vault maps discovered:
D:1:      matt_arrival_los_fun, layout_basic
D:2:      layout_rooms, serial_curves, eino_curves_02, eino_curves_03,
          eino_curves_03, eino_curves_04, minmay_hedge_maze
D:3:      layout_basic, mainiacjoe_overflow_chevrons,
          nicolae_ecumenical_snake_handling, kennysheep_path_1
D:4:      layout_layer_cave, okawaru_gym_becter, nicolae_dithmenos_the_darkroom,
          elyvilon_altar_1, eino_small_chamber_without_monster

Skill      XL: |  1  2  3  4 |
---------------+-------------+-----
Polearms       | 4 5 |  5.3
Fighting       | |  3.0
Spellcasting   | |  1.7
Fire Magic     | |  3.0

Action                     |  1- 3 |  4- 6 || total
---------------------------+-------+-------++-------
  Melee: Spear             |   123 |   126 ||   249
         Punch             |     1 |     2 ||     3
   Fire: Sling             |     6 |       ||     6
  Throw: Dart              |       |    12 ||    12
   Cast: Scorch            |     5 |    13 ||    18
         Summon Small Mamm |       |     1 ||     1
    Use: Scroll            |     3 |     4 ||     7
   Stab: Sleeping          |     2 |       ||     2
 Armour: Robe              |    27 |    30 ||    57
  Dodge: Dodged            |    55 |    59 ||   114

Table legend: (Time is in decaauts)
 A = Elapsed time spent in this place.
 B = Non-inter-level travel time spent in this place.
 C = Inter-level travel time spent in this place.
 D = Time resting spent in this place.
 E = Time spent auto-exploring this place.
 F = Levels seen in this place.
 G = Mean time per level.
                   A        B        C        D        E       F      G
               +--------+--------+--------+--------+--------+-----+--------+
         Total |   2802 |   2685 |    117 |     58 |   2055 |   4 |  700.5 |
       Dungeon |   2802 |   2685 |    117 |     58 |   2055 |   4 |  700.5 |
               +--------+--------+--------+--------+--------+-----+--------+

Top non-repeatable levels by time:
     D:3: 953 daAuts
     D:1: 934 daAuts
     D:2: 873 daAuts
     D:4: 40 daAuts
